AoeStats
← [PSCH] R!ce

Arabia

505844993Analyzed
1v1 RM · 21d ago on Sep 11, 2026· 26m 43s· 2 players
Game mode
Random Map
Map size
Tiny (2 player)
Population
200
Speed
Normal
Resources
Standard
Victory
Conquest
Starting age
Dark Age
Ending age
Imperial Age
RankedLock teamsTeams togetherTeam positionsShared explorationLock speedFull tech treeHidden civsTurbo modeCheats
Victory
Defeat
🇵🇱 Lithuanians · Poland
1445
+20
🇨🇭 Japanese · Switzerland
1538
-20
witty_matty
6:39 Loom
8:44 Feudal Age
11:23 Double-Bit Axe
15:09 Fletching
17:21 Padded Archer Armor
17:12 Horse Collar
22:29 Castle Age
20:58 Gold Mining
22:07 Scale Barding Armor
22:15 Bloodlines
22:46 Wheelbarrow
23:11 Bodkin Arrow
22:39 Crossbowman
23:42 Bow Saw
24:27 Leather Archer Armor
27:19 Chain Barding Armor
[PSCH] R!ce
6:56 Loom
9:20 Feudal Age
9:31 Man-at-Arms
16:46 Double-Bit Axe
17:41 Fletching
22:53 Castle Age
21:28 Padded Archer Armor
22:54 Elite Skirmisher
24:42 Leather Archer Armor
Connection lost

Rejoining the realm…

Still unreachable

The connection could not be restored.

Session expired

The server has moved on; the page needs a fresh start.